cohdb
Replays
Latest Replays
All Replays
Popular Replays
Top Player Replays
Match Explorer
How It Works
Community
CoH3 Stats
Reddit
Sign in to upload your games and track your stats! →
Sign in with Steam
Match 42964316
Unlisted
Match 42964316
Overview
Messages
Build Orders
End
Engineer Squad
Selects Special Operations Battlegroup
Selects M29 Weasel Recon Vehicle
M29 Weasel Recon Vehicle
Construct Weapon Support Center
M1919 Machine Gun Team
Bazooka Squad
Bazooka Squad
Construct Medical Station
Infantry Support Center
Selects Smoke Screen
M3 Armored Personnel Carrier
Captain Retinue
Selects SSF Commando Squad
SSF Commando Squad
Engineer Squad
SSF Commando Squad
Construct Tank Depot
Selects Air Re-supply Operation
SSF Commando Squad
ZhukovUranus
Willaguy
0
0
Comments
sign in to comment!
No comments posted yet!